 Dungeon Crawl Stone Soup version 0.16-a0-2622-gbfab2ba (webtiles) character file.

44191 PolkaDot the Summoner (level 13, -2/138 HPs)
             Began as a Vampire Summoner on Nov 22, 2014.
             Was a High Priest of Sif Muna.
             Slain by a black mamba (5 damage)
             ... on level 8 of the Lair of Beasts.
             The game lasted 02:37:16 (24772 turns).

PolkaDot the Summoner (Vampire Summoner)           Turns: 24772, Time: 02:37:16

Health: -2/138     AC: 26    Str:  7    XL:     13   Next: 94%
Magic:  3/34       EV:  2    Int: 21    God:    Sif Muna [*****.]
Gold:   1275       SH:  0    Dex: 14    Spells: 5 memorised, 0 levels left

rFire  . . .     SeeInvis +     b - +8 hunting sling (flame)
rCold  . . .     Clarity  .     v - melded +2 troll leather armour
rNeg   + + +     SustAb   .     (no shield)
rPois  +         Gourm    .     H - melded +2 hat {SInv}
rElec  .         Spirit   .     N - melded +0 cloak
rCorr  .         Warding  .     k - melded +2 pair of gloves {archery}
rMut   .         NoTele   +     (boots currently unavailable)
MR     +....                    U - amulet of regeneration
Stlth  +++.......               G - +2 ring of evasion
                                A - ring of magical power

@: tree-form, petrified, manticore barbs, very slightly contaminated,
regenerating very quickly, hasted, invisible, somewhat resistant to hostile
enchantments, fairly stealthy
A: bottle blood, (fangs 0), see invisible, (fire resistance 0), frail 1,
(unbreathing)
a: Channel Energy, Forget Spell, Renounce Religion


You were on level 8 of the Lair of Beasts.
You worshipped Sif Muna.
Sif Muna was extremely pleased with you.
You were almost alive.
You were a tree.
You visited 3 branches of the dungeon, and saw 20 of its levels.
You also visited: Ice Cave.

You collected 1555 gold pieces.
You spent 280 gold pieces at shops.

Inventory:

Hand weapons
 a - the +1 long sword "Threpli" {freeze, rElec}
   (You found it on level 4 of the Lair of Beasts)

   It has been specially enchanted to freeze those struck by it, causing extra
   injury to most foes and up to double damage against particularly susceptible
   opponents.
   It can also slow down cold-blooded creatures.
   It insulates you from electricity.
 b - a +8 hunting sling of flaming (weapon)
Missiles
 q - 116 sling bullets
 t - 4 throwing nets
 w - 437 stones (quivered)
 F - 21 sling bullets of frost
Armour
 k - a +2 pair of gloves of archery (melded)
 v - a +2 troll leather armour (melded)
 H - a +2 hat of see invisible (melded)
 N - a +0 cloak (melded)
Jewellery
 A - a ring of magical power (left branch)
 G - a +2 ring of evasion (right branch)
 U - an amulet of regeneration (around neck)
Magical devices
 c - a wand of fireball (5)
 d - a wand of cold (5)
 f - a wand of invisibility (0)
 m - a wand of fireball (6)
 o - a wand of digging (6)
 r - a wand of fire (2)
 s - a wand of confusion (39)
 P - a wand of cold (8)
Scrolls
 h - 2 scrolls of magic mapping
 i - 4 scrolls of teleportation
 l - 3 scrolls of recharging
 p - 5 scrolls of fog
 X - 2 scrolls of remove curse
Potions
 n - a potion of flight
 z - 32 potions of blood {@*1}
 B - 3 potions of restore abilities
 C - 2 potions of agility
 D - 3 potions of brilliance
 L - a potion of confusion {!q}
 M - 2 potions of berserk rage
 Q - a potion of lignification
 V - 2 potions of might
Books
 j - Sif Muna's Almanac of Floating Illusion
   (Sif Muna gifted it to you on level 7 of the Lair of Beasts)

   Spells                             Type                      Level
   Summon Butterflies                 Summoning                    1
   *Repel Missiles                    Charms/Air                   2
   *Summon Mana Viper                 Hexes/Summoning              5
   Conjure Ball Lightning             Conjuration/Air              6
   Monstrous Menagerie                Summoning                    6
 K - a Grand Grimoire {highlevel, unknown}

   This book is beyond your current level of understanding.

   Spells                             Type                      Level
   Aura of Abjuration                 Summoning                    6
   Forceful Dismissal                 Summoning                    6
   Summon Greater Demon               Summoning                    7
   Malign Gateway                     Summoning/Translocation      7
   Summon Horrible Things             Summoning                    8
 Y - a book of Wizardry

   Spells                             Type                      Level
   Agony                              Necromancy                   5
   Force Lance                        Conjuration                  5
   Dispersal                          Translocation                6
   Haste                              Charms                       6
   Invisibility                       Hexes                        6
   Spellforged Servitor               Conjuration/Summoning        7
Miscellaneous
 y - a crystal ball of energy


   Skills:
 - Level 10.1 Fighting
 - Level 4.1 Armour
 + Level 8.2 Dodging
 - Level 3.0 Stealth
 - Level 3.5 Spellcasting
 + Level 7.2 Hexes
 * Level 5.0 Charms
 - Level 13.9 Summonings
 - Level 5.5 Ice Magic
 - Level 5.1 Air Magic
 - Level 8.1 Invocations
 - Level 4.6 Evocations


You couldn't memorise any spells.
You knew the following spells:

 Your Spells              Type           Power        Failure   Level  Hunger
g - Summon Guardian Gole  Hex/Summ       #####...     1%          4    ####...
i - Summon Ice Beast      Ice/Summ       #####...     2%          4    ####...
l - Summon Lightning Spi  Summ/Air       #####...     2%          4    ####...
v - Summon Mana Viper     Hex/Summ       #####...     6%          5    ######.
D - Repel Missiles        Chrm/Air       ###...       2%          2    ##.....


Dungeon Overview and Level Annotations

Branches:
Dungeon (11/15)            Temple (1/1) D:5            Lair (8/8) D:11
  Swamp (0/5) Lair:5        Snake (0/5) Lair:4        Slime (0/6) Lair:6
    Orc (0/4) D:11

Altars:
Ashenzari
Cheibriados
Dithmenos
Elyvilon
Fedhas
Gozag
Kikubaaqudgha
Makhleb
Nemelex Xobeh
Okawaru
Qazlal
Ru
Sif Muna
Trog
Vehumet
Xom
Yredelemnul
Zin
The Shining One

Shops:
D:6 }   D:8 [


Innate Abilities, Weirdness & Mutations

Your natural rate of healing is extremely fast.
You can bottle blood from corpses.
((You have razor-sharp teeth.))
You have supernaturally acute eyesight.
((You can survive without breathing.))
((Your flesh is heat resistant.))
You are frail (-10% HP).


Message History

* * * LOW HITPOINT WARNING * * *
You are engulfed in calcifying dust.
The spiny frog croaks.
The spiny frog is engulfed in calcifying dust.
The black mamba bites you.
The spiny frog is engulfed in calcifying dust.
The catoblepas breathes a plume of calcifying dust at your ice beast.
The blast of calcifying dust hits your ice beast.
The manticore is engulfed in calcifying dust.
The manticore is moving more slowly.
The manticore bites you.
* * * LOW HITPOINT WARNING * * *
The manticore claws you but does no damage.
The manticore claws you.
* * * LOW HITPOINT WARNING * * *
Your ice beast is engulfed in calcifying dust.
Your ice beast is moving more slowly.
You are engulfed in calcifying dust.
The black mamba bites you.
* * * LOW HITPOINT WARNING * * *
The black mamba bites you!
You die...

P...P............. ...P
.................
...P...<......#..
...P#P.†......b..
...##........... ...#...........
##### ...##.........#
##########.P.####
.............####YY#...##.....P#.
.............###♣H##...#.........
..............##SF.#[# #.........
.............P###§D..###.........
.............####§........####...
..P........P.# #P........#.......
..P..P.......###.........#...#...
..............###....#..##...#...
..#....P......######...########..
###............# P..#.\ #P...


You could see a catoblepas, a seven-headed hydra, a manticore (petrifying), a
black mamba, a spiny frog (petrified) and a friendly ice beast (petrifying).

Vanquished Creatures
  2 hydras (Lair:3)
  A death yak (Lair:8)
  An ice statue (IceCv)
  A griffon (Lair:8)
  4 black mambas
  3 elephants
  5 spiny frogs
  5 fire drakes
  A komodo dragon (Lair:4)
  A polar bear (IceCv)
  3 slime creatures (Lair:6)
  15 blink frogs
  2 wyverns
  2 basilisks
  16 yaks
  10 hippogriffs
  11 wolves
  3 steam dragons
  A hungry ghost (D:11)
  12 porcupines
  7 water moccasins
  A black bear (D:6)
  A swamp drake (Lair:8)
  A spider (Lair:5)
  An ice beast (D:5)
  A necrophage (D:11)
  2 phantoms
  4 sky beasts
  An ogre (D:11)
  2 centaurs
  13 crocodiles
  A big kobold (D:11)
  Blork the orc (D:5)
  18 giant frogs
  A wyvern skeleton (D:9)
  4 scorpions
  A vampire bat (Lair:2)
  5 crimson imps
  A quasit (D:8)
  2 gnoll shamans
  2 centaur zombies (D:7)
  2 jellies
  10 hounds
  5 orc wizards
  A yellow wasp zombie (D:9)
  2 centaur skeletons (D:10)
  A giant frog skeleton (D:8)
  9 orc priests
  4 iguanas
  2 worker ants
  30 sheep
  2 mummies (D:9)
  15 gnolls
  2 worker ant zombies
  19 adders
  64 river rats
  4 shadow imps
  2 giant mites
  A worm (D:3)
  An adder skeleton (D:9)
  70 orcs
  3 ball pythons
  12 bats
  5 giant cockroaches
  7 goblins
  14 hobgoblins
  13 kobolds
  10 quokkas
  6 giant geckos
  2 giant newts (D:2)
  A giant spore (D:9)
  16 jackals
  A jackal skeleton (D:5)
  A quokka skeleton (D:10)
  34 rats
  3 rat zombies (D:11)
  4 river rat zombies (D:11)
  4 ballistomycetes (D:9)
  A plant (D:11)
552 creatures vanquished.

Vanquished Creatures (collateral kills)
  A frost giant (IceCv)
  Gastronok (Lair:1)
  A fire dragon (Lair:8)
  Harold (D:11)
  3 hydras
  10 death yaks
  Nergalle (Lair:1)
  An ice statue (D:11)
  A griffon (Lair:8)
  2 manticores
  3 black mambas
  4 elephants
  4 spiny frogs
  A gargoyle (D:11)
  3 trolls
  A komodo dragon (Lair:8)
  14 polar bears (IceCv)
  Grinder (D:5)
  A basilisk (Lair:8)
  17 blink frogs
  20 yaks
  A steam dragon (Lair:8)
  A deep elf fighter (D:10)
  A hippogriff (Lair:2)
  4 ice beasts
  15 wolves
  2 wargs (D:11)
  7 water moccasins
  8 spiders (Lair:5)
  An ogre (D:10)
  An orc warrior (D:11)
  A swamp drake (Lair:8)
  4 centaurs
  3 crocodiles
  A boring beetle (Lair:8)
  2 giant frogs
  3 scorpions
  14 killer bees
  A crimson imp (D:11)
  A giant frog zombie (D:6)
  A goliath beetle (D:7)
  5 orc priests
  2 orc wizards
  2 hounds
  4 iguanas
  3 worker ants
  6 sheep (Lair:8)
  2 gnolls
  8 river rats
  5 adders
  A worm (D:2)
  9 orcs
  2 bats (D:1)
  A giant cockroach (D:4)
  5 hobgoblins
  5 jackals
  2 kobolds
  A quokka (Lair:4)
  A river rat zombie (D:11)
  2 giant newts (D:3)
  4 rats
  A spectral orc (Lair:1)
  2 fungi (Lair:8)
  A plant (Lair:4)
237 creatures vanquished.

Vanquished Creatures (others)
  4 mana vipers (Lair:8)
  4 yaks (IceCv)
  12 guardian golems
  39 wolves
  2 wargs
  An orc warrior (D:11)
  83 ice beasts
  3 lightning spires
  A jelly (D:11)
  12 hounds
  3 crimson imps
  A worker ant (D:11)
  2 white imps
  2 fungi
  2 plants (D:11)
171 creatures vanquished.

Grand Total: 960 creatures vanquished

Notes
Turn   | Place    | Note
--------------------------------------------------------------
     0 | D:1      | PolkaDot, the Vampire Summoner, began the quest for the Orb.
     0 | D:1      | Reached XP level 1. HP: 13/13 MP: 3/3
   578 | D:1      | Reached XP level 2. HP: 16/19 MP: 4/4
  1382 | D:2      | Learned a level 2 spell: Call Imp
  1645 | D:2      | Found a glowing golden altar of the Shining One.
  1645 | D:2      | Found a burning altar of Makhleb.
  1674 | D:2      | Reached skill level 1 in Evocations
  1674 | D:2      | Reached XP level 3. HP: 24/24 MP: 6/6
  1680 | D:2      | Reached skill level 5 in Summonings
  1698 | D:2      | Learned a level 3 spell: Call Canine Familiar
  1915 | D:2      | Found a white marble altar of Elyvilon.
  1917 | D:2      | Found a basalt altar of Yredelemnul.
  2050 | D:3      | Reached XP level 4. HP: 30/30 MP: 4/7
  2091 | D:3      | Found a shimmering altar of Xom.
  2114 | D:3      | Found a sacrificial altar of Ru.
  2115 | D:3      | Found a shadowy altar of Dithmenos.
  2116 | D:3      | Found a snail-covered altar of Cheibriados.
  2141 | D:3      | Reached XP level 5. HP: 35/35 MP: 9/9
  2212 | D:4      | Reached skill level 6 in Summonings
  2553 | D:4      | Found a blossoming altar of Fedhas.
  2713 | D:4      | Noticed a phantom
  2763 | D:4      | Killed a phantom
  2763 | D:4      | Reached XP level 6. HP: 23/41 MP: 7/10
  3224 | D:4      | Reached skill level 7 in Summonings
  3398 | D:5      | Entered Level 5 of the Dungeon
  3559 | D:5      | Found a bloodstained altar of Trog.
  3631 | D:5      | Noticed Grinder
  3655 | D:5      | Killed Grinder
  3655 | D:5      | Reached skill level 8 in Summonings
  3655 | D:5      | Reached XP level 7. HP: 39/46 MP: 3/12
  3687 | D:5      | Found a staircase to the Ecumenical Temple.
  3711 | Temple   | Entered the Ecumenical Temple
  3965 | Temple   | Became a worshipper of Sif Muna the Loreminder
  3992 | D:5      | Learned a level 4 spell: Summon Ice Beast
  4231 | D:5      | Noticed Blork the orc
  4240 | D:5      | Killed Blork the orc
  4240 | D:5      | Reached skill level 1 in Armour
  4240 | D:5      | Reached skill level 1 in Ice Magic
  5578 | D:6      | Reached XP level 8. HP: 52/52 MP: 13/13
  5872 | D:6      | Found Zejisuomp's Gadget Boutique.
  5875 | D:6      | Bought a crystal ball of energy for 280 gold pieces
  6457 | D:7      | Acquired Sif Muna's first power
  6508 | D:7      | Found a glowing silver altar of Zin.
  6555 | D:7      | Reached skill level 1 in Fighting
  6615 | D:7      | Reached skill level 9 in Summonings
  6831 | D:7      | Found an opulent altar of Gozag.
  7329 | D:8      | Found Cruppet's Antique Armour Shoppe.
  7347 | D:8      | Reached XP level 9. HP: 52/63 MP: 14/14
  8263 | D:8      | Got a blackened spear
  8265 | D:8      | Identified the cursed -5 spear of Frypouh {pierce, rElec rPois rF+ Curse} (You found it on level 8 of the Dungeon)
  8361 | D:9      | Reached skill level 5 in Ice Magic
  8365 | D:9      | Acquired Sif Muna's second power
  8883 | D:9      | Reached skill level 5 in Fighting
  8915 | D:9      | Reached skill level 1 in Invocations
  9133 | D:9      | Reached skill level 10 in Summonings
  9287 | D:10     | Entered Level 10 of the Dungeon
  9335 | D:10     | Found a stormy altar of Qazlal.
  9733 | D:10     | Reached XP level 10. HP: 74/74 MP: 13/16
 10273 | D:10     | Noticed a centaur skeleton
 10285 | D:10     | Killed a centaur skeleton
 10520 | D:11     | Found a frozen archway.
 10520 | D:11     | Noticed an ice statue
 10665 | D:11     | Killed an ice statue
 10737 | IceCv    | Entered an ice cave
 11105 | IceCv    | Reached skill level 5 in Invocations
 11283 | IceCv    | Reached skill level 5 in Dodging
 11289 | IceCv    | Noticed a death yak
 11441 | IceCv    | Killed a death yak
 11693 | IceCv    | Reached skill level 11 in Summonings
 11730 | IceCv    | Reached XP level 11. HP: 46/79 MP: 21/21
 11895 | IceCv    | Learned a level 4 spell: Summon Guardian Golem
 11923 | IceCv    | Reached skill level 1 in Hexes
 12152 | IceCv    | Noticed an ice statue
 12175 | IceCv    | Killed an ice statue
 12366 | IceCv    | Noticed a death yak
 12367 | IceCv    | Noticed a death yak
 12397 | IceCv    | Killed a death yak
 12409 | IceCv    | Killed a death yak
 12409 | IceCv    | Reached skill level 5 in Hexes
 12482 | IceCv    | Noticed a frost giant
 12513 | IceCv    | Killed a frost giant
 12659 | D:11     | Noticed a manticore
 12685 | D:11     | Acquired Sif Muna's third power
 12690 | D:11     | Killed a manticore
 12886 | D:11     | Found a staircase to the Orcish Mines.
 12906 | D:11     | Reached skill level 12 in Summonings
 13098 | D:11     | Noticed Harold
 13120 | D:11     | Killed Harold
 13317 | D:11     | Found a staircase to the Lair.
 14506 | Lair:1   | Entered Level 1 of the Lair of Beasts
 14567 | Lair:1   | Noticed Gastronok
 14577 | Lair:1   | Killed Gastronok
 14683 | Lair:1   | Noticed Nergalle
 14704 | Lair:1   | Killed Nergalle
 15190 | Lair:1   | Reached XP level 12. HP: 74/91 MP: 19/22
 17145 | Lair:2   | Found a sacrificial altar of Ru.
 17374 | Lair:3   | Noticed a four-headed hydra
 17391 | Lair:3   | Killed a four-headed hydra
 17477 | Lair:3   | Noticed a four-headed hydra
 17488 | Lair:3   | Killed a four-headed hydra
 17488 | Lair:3   | Reached skill level 13 in Summonings
 17700 | Lair:3   | Noticed a seven-headed hydra
 17709 | Lair:3   | Killed a seven-headed hydra
 18636 | Lair:4   | Found a staircase to the Snake Pit.
 18952 | Lair:4   | Got a crystal war axe
 18953 | Lair:4   | Identified the cursed +0 war axe of Psajitt {chop, rPois rF-} (You found it on level 4 of the Lair of Beasts)
 19029 | Lair:4   | Reached skill level 10 in Fighting
 19114 | Lair:4   | Reached XP level 13. HP: 29/103 MP: 9/25
 19643 | Lair:4   | Learned a level 4 spell: Summon Lightning Spire
 19968 | Lair:4   | Got a crude long sword
 19969 | Lair:4   | Identified the +1 long sword "Threpli" {freeze, rElec} (You found it on level 4 of the Lair of Beasts)
 20095 | Lair:5   | Reached skill level 1 in Air Magic
 20100 | Lair:5   | Found a hole to the Spider Nest.
 20763 | Lair:5   | Found a staircase to the Swamp.
 21921 | Lair:6   | Found a staircase to the Slime Pits.
 22905 | Lair:7   | Reached skill level 5 in Air Magic
 23030 | Lair:7   | Received a gift from Sif Muna
 23031 | Lair:7   | Identified Sif Muna's Almanac of Floating Illusion (Sif Muna gifted it to you on level 7 of the Lair of Beasts)
 23064 | Lair:7   | Gained mutation: Your flesh is heat resistant. [potion of mutation]
 23064 | Lair:7   | Gained mutation: You are frail (-10% HP). [potion of mutation]
 23122 | Lair:7   | Learned a level 2 spell: Repel Missiles
 23478 | Lair:7   | Reached skill level 1 in Charms
 23495 | Lair:7   | Learned a level 5 spell: Summon Mana Viper
 23497 | Lair:8   | Entered Level 8 of the Lair of Beasts
 24765 | Lair:8   | Reached skill level 5 in Charms
 24771 | Lair:8   | HP: 6/138 [manticore (1)]
 24772 | Lair:8   | Slain by a black mamba

Action                   |  1- 3 |  4- 6 |  7- 9 | 10-12 | 13-15 || total
-------------------------+-------+-------+-------+-------+-------++-------
Melee: Unarmed           |   126 |    29 |       |       |       ||   155
       Spear             |       |   120 |    26 |    34 |       ||   180
       Long sword        |       |       |       |       |     2 ||     2
       Hunting sling     |       |       |       |       |     1 ||     1
 Fire: Hunting sling     |    25 |    13 |   509 |   886 |   577 ||  2010
 Cast: Summon Small Mamm |    20 |       |       |       |       ||    20
       Call Imp          |     3 |     9 |     8 |    10 |       ||    30
       Call Canine Famil |     2 |     6 |    16 |    66 |     5 ||    95
       Summon Ice Beast  |       |       |    19 |   152 |    59 ||   230
       Summon Guardian G |       |       |       |    15 |     7 ||    22
       Summon Mana Viper |       |       |       |       |    16 ||    16
       Summon Lightning  |       |       |       |       |    10 ||    10
Invok: Channel Energy    |       |       |    19 |   305 |    30 ||   354
       Forget Spell      |       |       |       |       |     3 ||     3
Evoke: Wand              |       |       |     1 |    10 |     6 ||    17
  Use: Potion            |     1 |     7 |    33 |    83 |    73 ||   197
       Scroll            |     6 |     4 |    10 |    19 |    10 ||    49
 Stab: Sleeping          |     1 |     2 |     2 |       |       ||     5
       Distracted        |       |     2 |     1 |     1 |       ||     4
  Eat: Corpse            |    13 |     9 |    12 |     3 |       ||    37
